[Event "Early-Titled-Tuesday-Blitz-July-09-2024"]
[Site "Chess.com"]
[Date "2024.07.09"]
[Round "5"]
[White "vi_pranav"]
[Black "Rakhmanov_Aleksandr"]
[Result "1/2-1/2"]
[WhiteElo "3022"]
[BlackElo "2862"]
[TimeControl "180+1"]
[EndTime "8:59:45 PDT"]
[Termination "Game drawn by repetition"]

1. e4 c5 2. Nf3 Nf6 3. Nc3 d5 4. exd5 Nxd5 5. Bb5+ Bd7 6. Ne5 Nf6 7. Bc4 e6 8. O-O Nc6 9. Nxd7 Qxd7 10. d3 Be7 11. Re1 O-O 12. a3 Nd4 13. Be3 a6 14. Bxd4 cxd4 15. Ne4 Nd5 16. Ng3 Rfd8 17. Qf3 Bf8 18. Nh5 Rac8 19. Re5 Ne7 20. Rae1 Ng6 21. R5e2 Qc6 22.
Qg4 Kh8 23. Bb3 a5 24. a4 b5 25. axb5 Qxb5 26. Ra1 Bb4 27. h3 Rc5 28. Nf4 Rg5 29. Nxg6+ Rxg6 30. Qh4 Qg5 31. Qxg5 Rxg5 32. Bc4 g6 33. g3 Rb8 34. Kg2 h5 35. h4 Rc5 36.
Re4 Rd8 37. Ra4 Rc7 38. Kf3 Kg7 39. Ke2 Rd6 40. Re5 Rb7 41. Kd1 Kf6 42. Re4 Rc7 43. Ke2 Ke7 44. Kf1 Rc5 45. Ra1 Rf5 46. Kg2 Rc5 47.
f4 Rc7 48. Kf3 Rc5 49. Re2 Kf6 50. Ra2 Ke7 51. Ra1 Rb6 52. Re4 Rd6 53. Bb3 Kf6 54. Rf1 Ke7 55. Rf2 Kf6 56. Rfe2 Ke7 57. Kg2 Kf6 58.
Re5 Rdc6 59. Kf3 Rc7 60. Ke4 Rd7 61. Rf2 Ke7 62. Rxc5 Bxc5 63. Rf1 Bb4 64. Ra1 f5+ 65.
Kf3 Kf6 66. Bc4 Re7 67. Rc1 Bd2 68. Rd1 Bb4 69. Rc1 Bd2 70. Rd1 Bb4 71. Rc1 1/2-1/2

[Event "Early-Titled-Tuesday-Blitz-July-09-2024"]
[Site "Chess.com"]
[Date "2024.07.09"]
[Round "5"]
[White "Rosh1610"]
[Black "ansko1999"]
[Result "0-1"]
[WhiteElo "2461"]
[BlackElo "2629"]
[TimeControl "180+1"]
[EndTime "8:59:51 PDT"]
[Termination "ansko1999 won on time"]

1. e4 c5 2. Nf3 Nf6 3. e5 Nd5 4.
Nc3 e6 5. Nxd5 exd5 6. c3 d6 7. d4 Nc6 8. Bb5 cxd4 9. Bxc6+ bxc6 10. cxd4 dxe5 11. Nxe5 Bd6 12. O-O O-O 13. Bf4 Qf6 14. Bg3 c5 15. Re1 c4 16. Qd2 Bf5 17. Nc6 Bxg3 18.
Ne7+ Kh8 19. hxg3 Be4 20. f3 Qxe7 21. fxe4 dxe4 22. Qc2 f5 23. g4 fxg4 24. Rxe4 Qh4 25. Qe2 Rab8 26. Rc1 Qg5 27. Rxc4 g3 28. Rc5 Qh6 29. Rh5 Qc1+ 30. Qe1 Qxe1+ 31. Rxe1 Rxb2 32. Ra5 h6 33. Rxa7 Rff2 34. Re8+ Kh7 35. Re1 Rxg2+ 36. Kh1 Rh2+ 37. Kg1 Rbg2+ 38. Kf1 Rxa2 39. Rxa2 Rxa2 40. Rd1 Kg8 41. d5 Kf7 42. d6 Ra8 43. Kg1 Rd8 44.
Kg2 Ke6 45. Kxg3 Rxd6 46. Rf1 Rd5 47. Kg4 Ke7 48. Rf2 Ke6 49. Rf1 Rg5+ 50. Kh4 Rf5 51. Re1+ Kf6 52. Ra1 Rf4+ 53. Kg3 Re4 54. Ra6+ Kf5 55.
Ra5+ Re5 56. Ra7 g5 57. Rf7+ Kg6 58. Rf1 Re4 59. Ra1 Kf5 60. Ra3 h5 61. Ra5+ Re5 62. Ra3 h4+ 63. Kh3 Kf4 64. Ra4+ Re4 65. Ra5 Re3+ 66. Kg2 g4 67. Ra4+ Re4 68. Ra2 h3+ 69.
Kh2 Kf3 70. Ra3+ Re3 71. Ra1 Re2+ 72. Kh1 g3 73. Rf1+ Kg4 74. Ra1 Re4 75. Rf1 h2 76. Ra1 Kh3 0-1

[Event "Early-Titled-Tuesday-Blitz-July-09-2024"]
[Site "Chess.com"]
[Date "2024.07.09"]
[Round "5"]
[White "wild3000"]
[Black "Djager97"]
[Result "0-1"]
[WhiteElo "2458"]
[BlackElo "2618"]
[TimeControl "180+1"]
[EndTime "8:59:52 PDT"]
[Termination "Djager97 won by checkmate"]

1. d4 Nf6 2. g3 d5 3. Bg2 Bf5 4. Nf3 e6 5. O-O Be7 6. c4 c6 7. Nc3 h6 8. Qb3 Qb6 9. Bf4 O-O 10. Bxb8 Raxb8 11. e3 Bd3 12. Rfd1 Bxc4 13. Qc2 a5 14. b3 Ba6 15. Ne5 Qc7 16. f4 Nd7 17. Rac1 Nxe5 18. fxe5 c5 19. Na4 c4 20. e4 b5 21.
exd5 bxa4 22. d6 Bxd6 23. exd6 Qxd6 24. bxc4 a3 25. c5 Qc7 26. Qc3 Rb2 27. Qxa3 Rxg2+ 28. Kxg2 Bb7+ 29. Kh3 Qc6 30. Rd2 Qd5 31. g4 f5 32.
Kg3 fxg4 33. Rf2 Rxf2 34. Kxf2 Qg2+ 35. Ke1 Qe4+ 36. Kd2 Qxd4+ 37. Qd3 Qf2+ 38. Qe2 Qd4+ 39. Ke1 Qg1+ 40. Kd2 Qd4+ 41. Qd3 Qf4+ 42. Kc3 Qb4+ 43. Kc2 Be4 44. c6 Bxd3+ 45. Kxd3 Qd6+ 46. Ke4 Qc7 47. a4 Kf7 48. Kd4 h5 49. Kc5 Kf6 50. Rd1 Ke7 51.
Rb1 Qxh2 52. Rb7+ Kd8 53. Rd7+ Kc8 54. Rf7 Qe5+ 55. Kb6 Qd4+ 56. Kb5 g3 57. Rf8+ Kc7 58. Rf7+ Kc8 59. Rf8+ Qd8 60. Rf3 g2 61. Rg3 Qd5+ 62.
Kb6 Qd4+ 63. Ka6 Qc4+ 64. Ka7 Qxc6 65. Rxg7 Qc7+ 66. Ka8 Qc6+ 67. Ka7 Qd7+ 68. Ka8 Qd5+ 69. Ka7 Kd8 70. Rg8+ Ke7 71. Rg7+ Kf6 72. Rg8 Qd4+ 73.
Ka6 g1=Q 74. Rf8+ Ke7 75. Rb8 Qa7+ 76. Kb5 Qxb8+ 77. Ka6 Qgb6# 0-1

[Event "Early-Titled-Tuesday-Blitz-July-09-2024"]
[Site "Chess.com"]
[Date "2024.07.09"]
[Round "5"]
[White "TioCridineno"]
[Black "Barmen_EV"]
[Result "1-0"]
[WhiteElo "2430"]
[BlackElo "2528"]
[TimeControl "180+1"]
[EndTime "8:59:52 PDT"]
[Termination "TioCridineno won by checkmate"]

1. e4 e6 2. d4 d5 3. Nc3 Nc6 4. e5 f6 5. f4 fxe5 6. dxe5 Nh6 7. Nf3 Bd7 8. Bd3 Bc5 9. Qe2 Qe7 10. a3 O-O-O 11.
Bd2 Rhf8 12. Na4 Nd4 13. Nxd4 Bxd4 14. Nc3 Nf5 15. O-O-O Qc5 16. g3 Bc6 17. Rhe1 a6 18.
Kb1 Qb6 19. g4 Ne7 20. Rf1 Bc5 21. Ka1 Be8 22. h4 Nc6 23. f5 Nd4 24. Qg2 Bc6 25. Qg3 Nb5 26. Na4 Qa7 27. Nxc5 Qxc5 28. f6 gxf6 29.
exf6 Qd6 30. Qxd6 cxd6 31. g5 e5 32. Bxh7 e4 33. g6 Nd4 34. Kb1 Ne6 35. g7 Rfe8 36. h5 d4 37. h6 e3 38. Bb4 e2 39. Rfe1 exd1=Q+ 40.
Rxd1 Ng5 41. Bg6 Re6 42. f7 Rxg6 43. f8=Q Kc7 44. Qe7+ Rd7 45. Qe2 Bf3 46. Qd2 Bxd1 47. Qxd1 Rxh6 48. Qxd4 Rg6 49. Bc3 Rgxg7 50. Qc4+ Kb8 51.
Bxg7 Rxg7 52. Qd5 Kc7 53. Qf5 Nf7 54. Qf6 Rg1+ 55. Ka2 Ne5 56. Qe7+ Kc6 57. b3 Rg2 58. Kb2 Nd3+ 59. Kc3 Ne5 60. Qe8+ Kc7 61. a4 Rg3+ 62. Kb2 a5 63. Qe7+ Kc6 64. Qd8 b6 65. Qc8+ Kd5 66.
Qc7 Ke6 67. Qxb6 Rg2 68. Qxa5 Nd3+ 69. Kc3 Nc5 70. Qd8 Kd5 71. Qa8+ Ke5 72. a5 Ne4+ 73. Kb2 Rf2 74. a6 Nc5 75. a7 Nd3+ 76. Kc3 Nf4 77. Qe8+ Kf5 78. a8=Q Nd5+ 79. Kb2 Kg4 80. Qg6+ Kh3 81.
Qh5+ Kg3 82. Qg8+ Kf4 83. Qhxd5 Ke3 84. Qge6+ Kf4 85. Qdf5+ Kg3 86. Qeg6+ Kh2 87. Qfh5# 1-0

[Event "Early-Titled-Tuesday-Blitz-July-09-2024"]
[Site "Chess.com"]
[Date "2024.07.09"]
[Round "5"]
[White "Kobalia"]
[Black "VladimirKramnik"]
[Result "1-0"]
[WhiteElo "2820"]
[BlackElo "2989"]
[TimeControl "180+1"]
[EndTime "8:59:57 PDT"]
[Termination "Kobalia won on time"]

1. e4 c5 2. Nf3 d6 3. Bb5+ Nd7 4.
O-O Nf6 5. Re1 a6 6. Bf1 b6 7. c4 Bb7 8. Nc3 g6 9. d4 cxd4 10. Nxd4 Bg7 11. Be3 O-O 12. f3 e6 13. Rc1 Qe7 14.
Qd2 Rfc8 15. Bg5 Qf8 16. Kh1 Rab8 17. Red1 h6 18. Be3 g5 19. Nc2 g4 20. Qxd6 gxf3 21. gxf3 Qxd6 22. Rxd6 b5 23. cxb5 axb5 24. Bxb5 Ne5 25.
Be2 Ba8 26. Rb6 Nfd7 27. Rxb8 Rxb8 28. Nd1 f5 29. b3 fxe4 30. fxe4 Bxe4+ 31. Kg1 Kh8 32. Nf2 Bd5 33. Bd4 Bf6 34. Ne3 Ba8 35. Rd1 Rf8 36.
Nfg4 Bg7 37. Nxe5 Nxe5 38. Ng4 Nxg4 39. Bxg7+ Kxg7 40. Bxg4 Bd5 41. Bh3 Rc8 42. Rd2 Rc1+ 43. Kf2 Kf6 44. Bg2 Ke5 45. Rb2 Kd4 46. Re2 Bxg2 47.
Kxg2 e5 48. a4 Rb1 49. Ra2 Rxb3 50. a5 Rb7 51. a6 Ra7 52. Kf3 e4+ 53. Ke2 Kc5 54.
Ke3 Kb6 55. Kxe4 Re7+ 56. Kf5 Ka7 57. h4 h5 58. Ra5 Rg7 59. Kf6 Rg4 60. Rxh5 Kxa6 61.
Rh6 Kb7 62. h5 Rh4 63. Kg5 Rh1 64. Rd6 Kc7 65. Rd3 Rg1+ 66. Kf6 Rf1+ 67. Kg7 Rg1+ 68. Kh7 Rg2 69. h6 Rg1 70. Kh8 Rg6 71. h7 Rg1 72.
Rf3 Kd6 73. Rf8 Ke7 74. Rg8 Rh1 75. Kg7 Rg1+ 76. Kh6 Rh1+ 77. Kg6 Rg1+ 78. Kf5 Rf1+ 79. Ke4 1-0

[Event "Early-Titled-Tuesday-Blitz-July-09-2024"]
[Site "Chess.com"]
[Date "2024.07.09"]
[Round "5"]
[White "Resourchess"]
[Black "KhamzinOlzhas"]
[Result "0-1"]
[WhiteElo "2379"]
[BlackElo "2573"]
[TimeControl "180+1"]
[EndTime "9:00:03 PDT"]
[Termination "KhamzinOlzhas won on time"]

1. d4 Nf6 2. c4 g6 3. f3 Bg7 4. e4 d6 5. Nc3 O-O 6. Be3 Nc6 7. Nge2 Rb8 8. Rc1 Bd7 9. Nf4 e5 10. dxe5 dxe5 11. Nfe2 Be6 12. b3 Nb4 13. Nd5 Nc6 14.
Nec3 Nd4 15. Nxf6+ Bxf6 16. Nd5 Bg7 17. Bd3 c6 18.
Bxd4 exd4 19. Nf4 Bd7 20. O-O Qa5 21. Qc2 Bh6 22. g3 c5 23. Rce1 Bxf4 24. gxf4 Bh3 25.
Rf2 Qxe1+ 26. Bf1 Bxf1 27. Rxf1 Qe3+ 28. Kg2 d3 29. Qb2 Qe2+ 30. Qxe2 dxe2 31. Re1 Rbd8 32. Rxe2 Rd1 33. f5 Rfd8 34. Kg3 g5 35. f6 h5 36. e5 Re8 37. f4 Kh7 38. fxg5 Kg6 39. h4 Rd3+ 40. Kf4 Rh3 41. Ke4 Rd8 42. e6 fxe6 43.
Ke5 Kf7 44. g6+ Kxg6 45. Rg2+ Kf7 46. Rg7+ Kf8 47. Kxe6 Re3+ 48. Kf5 Rb8 49. Rh7 Kg8 50. Rxh5 Rd8 51. Rg5+ Kf8 52. h5 Re1 53. h6 Rd2 54. h7 Rh2 55. Rg8+ Kf7 56. h8=Q Rf1+ 57. Kg4 Rg1+ 58.
Kf3 Rxh8 59. Rxh8 Kxf6 60. Rh7 Rb1 61. Rxb7 Rb2 62. Ke4 Rxa2 63. Kd5 a5 64. Kxc5 Ra3 65. Rb5 Ke7 66. Kb6 a4 67. bxa4 Rxa4 68. c5 Kd8 69. Kc6 Ra6+ 70. Rb6 Ra1 71. Rb7 Kc8 72. Rh7 Kb8 73.
Rh8+ Ka7 74. Kc7 Rg1 75. Rh7 Rg6 76. c6 Rf6 77. Rd7 Rf8 78. Rd8 Rf7+ 79. Rd7 Rf8 80. Kd6+ Kb6 0-1

[Event "Early-Titled-Tuesday-Blitz-July-09-2024"]
[Site "Chess.com"]
[Date "2024.07.09"]
[Round "5"]
[White "temus_galaktionov"]
[Black "jaskol95"]
[Result "0-1"]
[WhiteElo "2845"]
[BlackElo "2653"]
[TimeControl "180+1"]
[EndTime "9:00:07 PDT"]
[Termination "jaskol95 won by checkmate"]

1. d4 d5 2. c4 e5 3. dxe5 d4 4.
Nf3 Nc6 5. a3 a5 6. e3 Bc5 7. exd4 Bxd4 8. Nxd4 Qxd4 9. Nc3 Qxd1+ 10. Kxd1 Bf5 11. Bg5 h6 12. Bh4 g5 13. Bg3 O-O-O+ 14. Ke1 Nd4 15. Rd1 Nc2+ 16. Ke2 Ne7 17. Nd5 Nc6 18. Kd2 N2d4 19. Bd3 Rhe8 20. Rhe1 Bxd3 21. Kxd3 Nf5 22. f4 gxf4 23. Bxf4 Nh4 24. g3 Ng6 25. Kc3 Ncxe5 26. Bxh6 Ng4 27. Bg5 Rxe1 28. Rxe1 Rh8 29. h4 N6e5 30. Nf6 Nf3 31. Re7 Nxg5 32. Nxg4 Ne6 33.
Nf6 b6 34. Rxf7 Nc5 35. Re7 Kb7 36. h5 Rf8 37. h6 Rxf6 38. h7 Rh6 39. g4 Rh3+ 40. Kd2 Kc6 41. g5 Kd6 42. Rf7 Ne4+ 43. Kc2 Nxg5 44. Rf6+ Ke7 45. Rc6 Kd7 46. Rg6 Nxh7 47.
b4 Nf8 48. Rg7+ Kc6 49. bxa5 bxa5 50. Rg5 Rxa3 51. Kb2 Ra4 52. Kb3 Rb4+ 53. Kc3 Kb6 54. Rf5 Nd7 55. Rh5 Nc5 56. Rh8 Rb3+ 57. Kc2 Rh3 58.
Rb8+ Kc6 59. Ra8 a4 60. Rg8 Rh2+ 61. Kc3 a3 62. Rg6+ Kb7 63. Rg1 a2 64. Ra1 Kc6 65. Kb4 Nd3+ 66. Kb3 Nc5+ 67. Kb4 Kb6 68. Ka3 Ka5 69.
Rf1 Rh3+ 70. Kxa2 Kb4 71. Rf7 Na6 72. Rf6 Ra3+ 73. Kb2 Nc5 74. Rc6 Rb3+ 75. Ka2 Ra3+ 76.
Kb2 Ra7 77. Kc2 Kxc4 78. Kd2 Kd5 79. Rg6 Ne4+ 80. Kd3 Ra3+ 81. Kc2 c5 82. Rg8 Rh3 83.
Rg4 Kd4 84. Kc1 c4 85. Rg2 Kc3 86. Rc2+ Kd3 87. Rb2 Rh1# 0-1

[Event "Early-Titled-Tuesday-Blitz-July-09-2024"]
[Site "Chess.com"]
[Date "2024.07.09"]
[Round "5"]
[White "bazar-wokzal"]
[Black "bubeliang"]
[Result "1/2-1/2"]
[WhiteElo "2606"]
[BlackElo "2820"]
[TimeControl "180+1"]
[EndTime "9:00:15 PDT"]
[Termination "Game drawn - timeout vs insufficient material"]

1. e4 c6 2. d4 d5 3. f3 e6 4. Nc3 g6 5. Be3 Bg7 6. Qd2 Nf6 7. e5 Nfd7 8. h4 h5 9. f4 b6 10. Nf3 Ba6 11. O-O-O Bxf1 12. Rdxf1 a5 13. Ng5 b5 14. Qe2 b4 15. Na4 Na6 16. g4 hxg4 17. Qxg4 Qe7 18. h5 Nc7 19. hxg6 fxg6 20. Rxh8+ Bxh8 21. Rh1 O-O-O 22. Rh7 Bg7 23. Nf3 Qf7 24. Rh1 Rh8 25. Rg1 Nf8 26. Nc5 Qf5 27. Qxf5 exf5 28. Ng5 Rh2 29. Nf7 Re2 30. Bd2 Nce6 31. Nd6+ Kd8 32. Nxe6+ Nxe6 33. Rxg6 Kd7 34. Nxf5 Bf8 35. c3 Rf2 36. Rg4 Ke8 37. Ng3 bxc3 38. bxc3 Ba3+ 39.
Kd1 Rg2 40. Nh5 Rxg4 41. Nf6+ Kf7 42. Nxg4 Kg6 43. Ne3 Ng7 44. Kc2 a4 45. c4 Nf5 46.
cxd5 Nxe3+ 47. Bxe3 cxd5 48. Bc1 Be7 49. Kd3 Kf5 50. Ke3 Bb4 51. Bd2 Be7 52. Ba5 Ba3 53. Bd8 Bf8 54. Bg5 Bb4 55. Kd3 Ke6 56. Bh6 Be7 57.
Kc3 Kf5 58. Bg5 Bf8 59. Kd3 Ke6 60. Ke3 Bb4 61. Bd8 Kf5 62. Bb6 Bf8 63. Bc5 Bh6 64.
Kd3 Bxf4 65. Kc3 Bxe5 66. dxe5 Kxe5 67. Bd4+ Kd6 68. Kb4 Kc6 69. Kxa4 Kb7 70. Kb5 Ka8 71. Ka6 Kb8 72. a4 Ka8 73. a5 Kb8 74. Kb6 Ka8 75.
Ka6 Kb8 76. Kb6 Ka8 77. Kc6 Kb8 78. Kd7 Ka8 79. Be5 Kb7 80. Bd4 Ka6 81. Bc3 d4 82. Bd2 Kb7 83. Kd8 Ka8 84. Kc8 d3 85. Be3 d2 86. Bxd2 Ka7 87. Be1 Ka8 1/2-1/2

[Event "Early-Titled-Tuesday-Blitz-July-09-2024"]
[Site "Chess.com"]
[Date "2024.07.09"]
[Round "5"]
[White "Igor_Janik"]
[Black "Brown_Bear_MGL"]
[Result "1-0"]
[WhiteElo "2882"]
[BlackElo "2626"]
[TimeControl "180+1"]
[EndTime "9:00:17 PDT"]
[Termination "Igor_Janik won by resignation"]

1. d4 Nf6 2. c4 e6 3. Nf3 Bb4+ 4.
Nbd2 O-O 5. a3 Be7 6. e4 d6 7. Bd3 Nfd7 8. O-O e5 9. d5 a5 10. Bc2 Nc5 11. b3 c6 12. Bb2 Bg4 13. h3 Bh5 14. b4 Nca6 15. Bc3 Nd7 16. bxa5 Ndc5 17. Qe2 Qd7 18. Rfb1 Ra7 19. Nf1 Rfa8 20. Bb4 Bxf3 21. Qxf3 Bd8 22. Ne3 g6 23. Rb2 Nb8 24. Ng4 h5 25. Nf6+ Bxf6 26. Qxf6 Nba6 27. Re1 Qd8 28. Qxd8+ Rxd8 29. Bc3 g5 30. Bd2 f6 31. Reb1 Kf7 32.
Be3 Ke7 33. Bd1 Rh8 34. Rb6 Kd7 35. Bc2 Kc7 36. f3 h4 37. Kf2 Rha8 38. Ke2 Rd8 39.
Bd1 Rda8 40. R6b2 Rd8 41. Bd2 Rda8 42. Bc3 Rd8 43. Kd2 Rda8 44. Kc2 Rd8 45. Bd2 Rda8 46. Be2 Rb8 47. Be3 Rba8 48. Bd1 Rb8 49. Rb6 Rba8 50. Kc3 Rc8 51. R6b4 Rca8 52. R4b2 Rc8 53. Bc2 Rca8 54. Rg1 Rg8 55. Bf2 Rh8 56. Rgb1 Rha8 57. Rh1 Rh8 58. Rhb1 Rha8 59. Bd1 Rc8 60. Kc2 Rh8 61. Be2 Rg8 62. Rh1 Rh8 63. Bd1 Rg8 64. g3 hxg3 65. Bxg3 Nb8 66.
Be1 Nbd7 67. Be2 Rh8 68. Bf1 Rh5 69. Bb4 Rh7 70. Kc1 Rh6 71. Rbh2 Nb3+ 72. Kd1 Nd4 73.
Be2 c5 74. Bd2 b6 75. h4 gxh4 76. Bxh6 Rxa5 77. Bc1 b5 78. Rxh4 b4 79. axb4 cxb4 80. R4h2 b3 81. Bb2 Nc2 82. Bd3 Nc5 83. Bxc2 bxc2+ 84. Kxc2 Ra4 85. Rh7+ Kb6 86. Bc3 Ra2+ 87. Bb2 Na4 88.
Rb1 Kc5 89. Ra7 Nxb2 90. Rxa2 Nxc4 91. Ra4 Nb6 92. Ra5+ Kd4 93. Rxb6 1-0

[Event "Early-Titled-Tuesday-Blitz-July-09-2024"]
[Site "Chess.com"]
[Date "2024.07.09"]
[Round "5"]
[White "Arysya"]
[Black "Oleksandr_Bortnyk"]
[Result "1-0"]
[WhiteElo "2899"]
[BlackElo "3069"]
[TimeControl "180+1"]
[EndTime "9:00:25 PDT"]
[Termination "Arysya won by resignation"]

1. e4 g6 2. d4 Bg7 3. Nf3 c6 4. Nbd2 d6 5. Bd3 Bg4 6. h3 Bxf3 7. Nxf3 Nd7 8. O-O Qc7 9. Bf4 e5 10. dxe5 dxe5 11. Bh2 Ngf6 12. a4 O-O 13. Qe2 a5 14. Bc4 Bh6 15. Rad1 Rfe8 16. Ba2 Kg7 17. Rfe1 Re7 18.
Qc4 Qb6 19. c3 Rae8 20. Re2 Bf4 21. g3 Bh6 22. g4 Bf4 23. Bxf4 exf4 24. g5 Nd5 25.
Rdd2 Nc7 26. Kg2 Ne6 27. e5 h6 28. gxh6+ Kxh6 29. h4 Kg7 30. b4 Rh8 31. Qe4 Ndf8 32. Rd6 Rh5 33. Kf1 Qa6 34. b5 Qa7 35. bxc6 bxc6 36.
Rxc6 Qb8 37. Kg2 Rd7 38. Bxe6 Nxe6 39. Qc4 Qb7 40. Qb5 Rh8 41. Rb6 Qd5 42. Qxd5 Rxd5 43.
Reb2 Rc5 44. R6b5 Rxc3 45. Rxa5 Rc7 46. Rab5 Ra8 47. R2b4 Rca7 48. Rb7 Rxb7 49. Rxb7 Rxa4 50. Rd7 Re4 51. Rb7 Kf8 52. Ra7 Re2 53. Kf1 Rb2 54.
Kg2 Rb3 55. Rd7 Rb5 56. Ra7 Rc5 57. Rb7 Kg8 58. Ra7 Kg7 59. Rb7 Rc7 60. Rxc7 Nxc7 61.
Kh3 f5 62. exf6+ Kxf6 63. Kg4 Ne6 64. Ng5 Nxg5 65. hxg5+ Ke5 66. f3 Kd5 67. Kxf4 Kd4 68. Kg3 Ke5 69. f4+ Kd5 70. Kf3 Kd4 71. f5 Ke5 72. f6 Ke6 73. Ke4 Kd6 74. Kd4 Ke6 75. Kc5 Kf7 76. Kd6 Kf8 77. Ke6 Ke8 78. Kd6 Kf7 79.
Ke5 Kf8 80. Kd5 Kf7 81. Kc6 Ke6 82. Kc7 Kf7 83. Kd7 Kf8 84. Kd8 Kf7 85. Kd7 Kf8 86.
Ke6 Ke8 87. f7+ Kf8 88. Kd6 Kxf7 89. Kd7 Kf8 90. Ke6 Kg7 91. Ke7 Kh8 92. Kf8 Kh7 93. Kf7 Kh8 94. Kxg6 Kg8 95. Kh6 Kh8 96. g6 Kg8 97. g7 Kf7 98. Kh7 Kf6 99. g8=Q 1-0

[Event "Early-Titled-Tuesday-Blitz-July-09-2024"]
[Site "Chess.com"]
[Date "2024.07.09"]
[Round "5"]
[White "johnmez"]
[Black "RantomOpening"]
[Result "1-0"]
[WhiteElo "2253"]
[BlackElo "2553"]
[TimeControl "180+1"]
[EndTime "9:00:28 PDT"]
[Termination "johnmez won by checkmate"]

1. d4 c5 2. d5 e5 3. c4 d6 4. e4 f5 5. Nc3 Nf6 6. Nge2 f4 7.
f3 g5 8. Qc2 a6 9. a4 a5 10.
Bd2 Na6 11. Nc1 Nb4 12. Qd1 g4 13. Be2 h5 14. Nd3 Nxd3+ 15. Bxd3 h4 16. Qc2 h3 17. Bf1 hxg2 18. Bxg2 gxf3 19. Bxf3 Bg4 20. Qd3 Qd7 21. O-O-O Bxf3 22. Qxf3 O-O-O 23. Rdg1 Rh3 24. Qf1 Rxc3+ 25.
Bxc3 Nxe4 26. Bxa5 Qxa4 27. Bxd8 f3 28. Bg5 f2 29. Rg4 Nxg5 30. Rxg5 Bh6 31. h4 Qa1+ 32. Kc2 Qa4+ 33. Kb1 Bxg5 34. hxg5 e4 35. g6 Qd7 36.
Qxf2 Kb8 37. Qf7 Qg4 38. g7 Qe2 39. g8=Q+ Ka7 40. Qg3 e3 41. Qff3 Qd3+ 42. Kc1 Qxc4+ 43. Kd1 Qd3+ 44. Ke1 Qd2+ 45. Kf1 Qc1+ 46. Kg2 Qxb2+ 47. Kh3 Qh8+ 48. Kg4 Qg7+ 49. Kf4 Qe5+ 50. Kg4 Qg7+ 51. Kh3 Qh8+ 52. Kg2 Qb2+ 53. Kg1 Qa1+ 54. Qf1 Qd4 55. Qe2 Qxd5 56. Qgxe3 Qg8+ 57. Qg2 Qc4 58. Qee2 Qd4+ 59. Qef2 Qd1+ 60. Kh2 Qh5+ 61. Qh3 Qe5+ 62.
Qfg3 Qe2+ 63. Qhg2 Qh5+ 64. Kg1 Qd1+ 65. Qf1 Qd4+ 66.
Qff2 Qd1+ 67. Kg2 Qd5+ 68. Qgf3 Qg5+ 69. Kf1 Qc1+ 70. Qe1 Qc4+ 71. Qee2 Qc1+ 72. Kf2 Qg5 73. Qa3+ Kb6 74. Rb1+ Kc7 75. Qa5+ Kc6 76. Qf3+ d5 77. Qb6+ Kd7 78. Qxb7+ Ke6 79. Qbxd5+ Qxd5 80. Qxd5+ Kxd5 81. Ke3 Kc4 82. Kd2 Kd4 83. Rc1 c4 84. Kc2 Kc5 85. Kc3 Kb5 86. Rh1 Kc5 87. Rh4 Kd5 88. Rxc4 Ke5 89.
Rd4 Kf5 90. Rd8 Ke5 91. Kc4 Ke4 92. Re8+ Kf3 93. Kd3 Kf4 94. Rd8 Kf5 95. Rc8 Ke6 96.
Rc1 Kd5 97. Rd1 Ke5 98. Re1+ Kd5 99. Rh1 Kc5 100. Rd1 Kd5 101. Rf1 Kd6 102. Rh1 Ke6 103. Rh5 Kd6 104. Ra5 Ke6 105. Ke4 Kd6 106. Kd4 Kc6 107. Kc4 Kd6 108. Rd5+ Ke6 109. Kd4 Kf6 110. Re5 Kg6 111. Ke4 Kf6 112. Kf4 Kg6 113. Rf5 Kg7 114. Kg5 Kh7 115. Rf6 Kg7 116. Kf5 Kh7 117. Rg6 Kh8 118. Kf6 Kh7 119. Kf7 Kh8 120. Rg1 Kh7 121. Rh1# 1-0

[Event "Early-Titled-Tuesday-Blitz-July-09-2024"]
[Site "Chess.com"]
[Date "2024.07.09"]
[Round "5"]
[White "chessmachine14"]
[Black "Mostii"]
[Result "1/2-1/2"]
[WhiteElo "2238"]
[BlackElo "2501"]
[TimeControl "180+1"]
[EndTime "9:00:29 PDT"]
[Termination "Game drawn by 50-move rule"]

1. e4 e6 2. d4 d5 3. e5 c5 4. c3 Nc6 5. Nf3 Nge7 6. Na3 Bd7 7. Nb5 Nc8 8. dxc5 Bxc5 9. b4 Be7 10. h4 a6 11.
Nbd4 Nxd4 12. Qxd4 b5 13. Qg4 Kf8 14. h5 h6 15. Bd3 Nb6 16. Nh4 Nc4 17. Qf4 Bg5 18.
Qd4 Qb6 19. Qxb6 Nxb6 20. Bxg5 hxg5 21. Nf3 f6 22. h6 Rxh6 23. Rxh6 gxh6 24. exf6 Kf7 25.
Kd2 Kxf6 26. Re1 Be8 27. Ne5 Rc8 28. Ng4+ Ke7 29. Nxh6 Na4 30. Nf5+ Kf6 31. Nd6 Rd8 32. Nxe8+ Rxe8 33. Re3 e5 34. Rh3 e4 35. Be2 Rc8 36. Rh6+ Kg7 37. Rxa6 Nxc3 38. Bg4 Rc7 39. Ke3 Rc4 40.
Ra7+ Kf6 41. Ra6+ Ke7 42. Ra7+ Kd6 43. Ra6+ Kc7 44. Ra7+ Kb6 45. Rg7 d4+ 46. Kd2 Nxa2 47. Rg6+ Kc7 48. Rxg5 Nxb4 49. Rxb5 Rc2+ 50. Kd1 Rb2 51.
Bf5 e3 52. fxe3 dxe3 53. g4 e2+ 54. Ke1 Nc2+ 55. Bxc2 Rxb5 56. Kxe2 Kd6 57. Bf5 Ke5 58. Ke3 Rb3+ 59. Bd3 Ra3 60. Ke2 Kf4 61. Bf5 Rb3 62. Kd2 Rh3 63. Ke2 Re3+ 64. Kd2 Re5 65. Kd3 Rd5+ 66.
Kc4 Rd8 67. Kc5 Ke5 68. Kc4 Rd2 69. Kc3 Rd1 70. Kc4 Rc1+ 71. Kd3 Ra1 72. Kc3 Ra4 73.
Kd3 Rf4 74. Ke3 Rd4 75. Kf3 Rb4 76. Kg3 Rb3+ 77. Kh4 Kf4 78. Kh5 Rb6 79. Bd7 Rd6 80.
Bf5 Ke5 81. Kg5 Rd8 82. Kg6 Rg8+ 83. Kf7 Rb8 84. Ke7 Rb7+ 85. Kd8 Kd6 86. Ke8 Ke5 87. Kf8 Kf6 88. Ke8 Ra7 89. Kd8 Ke5 90. Ke8 Rb7 91. Kf8 Kf6 92. Ke8 Rg7 93. Kd8 Re7 94. Kc8 Re3 95. Kd8 Ke5 96. Ke7 Ra3 97. Kf7 Ra7+ 98. Kg6 Rc7 99. Kg5 Rg7+ 100. Kh6 Kf6 101. Kh5 Rg8 102. Kh4 Ke5 103. Kg3 Rg7 104. Kf3 Rc7 105. Ke3 Rc3+ 106. Ke2 1/2-1/2

[Event "Early-Titled-Tuesday-Blitz-July-09-2024"]
[Site "Chess.com"]
[Date "2024.07.09"]
[Round "5"]
[White "atbenina64"]
[Black "champ2005"]
[Result "1/2-1/2"]
[WhiteElo "2809"]
[BlackElo "3046"]
[TimeControl "180+1"]
[EndTime "9:00:41 PDT"]
[Termination "Game drawn by stalemate"]

1. c4 Nf6 2. Nc3 g6 3. e4 d6 4.
d4 Bg7 5. Be2 O-O 6. Be3 Nc6 7. d5 Ne5 8. f4 Neg4 9. Bd2 Nh6 10. Nf3 e6 11. dxe6 fxe6 12. O-O b6 13. Qc2 Bb7 14.
Rae1 Nd7 15. Ng5 Qe7 16. Bf3 Nf7 17. e5 Bxf3 18. exd6 Qxd6 19. Nxf3 Rae8 20. Nb5 Qc6 21. Nxa7 Qb7 22. Nb5 e5 23. Bb4 c5 24. fxe5 cxb4 25.
e6 Nde5 26. exf7+ Nxf7 27. Qb3 Ra8 28. Qxb4 Rxa2 29. Nc3 Raa8 30. Nd5 Rab8 31. Re7 Qc6 32. Rc7 Qd6 33. Rxf7 Qxb4 34. Rxg7+ Kxg7 35. Nxb4 Rfc8 36. Ne5 Rb7 37. b3 b5 38. Nd5 bxc4 39. bxc4 Re8 40. Ng4 Re4 41. Nge3 Rb3 42. Kf2 Rb2+ 43. Kf3 Re8 44.
Rc1 Rf8+ 45. Kg3 Rc8 46. c5 Rc6 47. Ne7 Re6 48. N7d5 Rc6 49. Ne7 Re6 50. N3d5 Ree2 51. Rg1 Rbc2 52. c6 Kf7 53. c7 Rxe7 54. Rf1+ Ke8 55.
Nxe7 Kxe7 56. Re1+ Kf7 57. Rf1+ Kg7 58. h4 Rxc7 59. Rf3 Rc4 60. Kh3 h5 61. Ra3 Kf6 62.
Ra6+ Kf5 63. Ra5+ Kf4 64. Rg5 Rc3+ 65. g3+ Kf3 66. Rxg6 Rc1 67. Rf6+ Ke4 68. Kg2 Rc2+ 69.
Rf2 Rc5 70. Rf4+ Ke5 71. Rf8 Ke4 72. Kh3 Rc1 73. Rf4+ Ke5 74. Kg2 Rc2+ 75. Rf2 Rc5 76. Re2+ Kf5 77. Kf3 Kg6 78. Re3 Rc4 79. Re4 Rc3+ 80.
Kf4 Rc6 81. Ra4 Kf6 82. Ra5 Rc4+ 83. Kf3 Rc3+ 84. Kg2 Rc2+ 85. Kh3 Kg6 86. Ra6+ Kg7 87. Ra5 Kg6 88. Ra6+ Kg7 89. Rb6 Rd2 90. Re6 Rc2 91. Re5 Kg6 92. Rg5+ Kh6 93. g4 Rc3+ 94. Kg2 hxg4 95.
Rxg4 Kh5 96. Rg3 Rxg3+ 97. Kxg3 Kh6 98. Kg4 Kh7 99. h5 Kh8 100. Kg5 Kg8 101. h6 Kh8 102. Kg6 Kg8 103. h7+ Kh8 104. Kh6 1/2-1/2

[Event "Early-Titled-Tuesday-Blitz-July-09-2024"]
[Site "Chess.com"]
[Date "2024.07.09"]
[Round "5"]
[White "rezamahdavi2008"]
[Black "twofoxniel"]
[Result "1/2-1/2"]
[WhiteElo "2934"]
[BlackElo "2646"]
[TimeControl "180+1"]
[EndTime "9:00:56 PDT"]
[Termination "Game drawn - insufficient material"]

1. e4 d5 2. exd5 Nf6 3. d4 Bg4 4. Be2 Bxe2 5. Qxe2 Qxd5 6. Nf3 e6 7. c4 Qf5 8. O-O Be7 9. Nc3 O-O 10. Rd1 Bd6 11. h3 Nc6 12. Bg5 h6 13. Bxf6 Qxf6 14. Ne4 Qg6 15. c5 Be7 16. d5 exd5 17. Rxd5 Rfe8 18. Qc4 Bf8 19. Ng3 Rad8 20. Rf5 Qe6 21. Qb5 Qd7 22. Rf4 Ne5 23. Qxb7 Bxc5 24. Nxe5 Rxe5 25. Kh2 Re7 26. Rf3 Qd2 27. Ne4 Bd6+ 28. Nxd6 Qxd6+ 29. g3 Qb6 30. Qxb6 axb6 31. a4 Rd2 32. b4 Rb2 33. a5 Rxb4 34. a6 Re8 35. Rd1 Ra4 36. Rd7 Rf8 37. Rxc7 Rxa6 38. Rb7 g6 39. h4 h5 40. Kg2 Kg7 41. Rf4 Raa8 42. Rxb6 Ra7 43. Rfb4 Re8 44. Rc6 Ree7 45. Rf4 Rec7 46.
Rd6 Rd7 47. Rdf6 Re7 48. Rf3 Red7 49. R6f4 Re7 50. Rd3 Red7 51. Rb3 Rab7 52. Rbf3 Re7 53. g4 hxg4 54. Rxg4 Rb5 55. Kg3 Rh5 56. Ra3 f5 57.
Rb4 Kh6 58. Ra6 Re4 59. Rxe4 fxe4 60. Re6 Rb5 61. Rxe4 Rb3+ 62. Kg4 Rb1 63. Re6 Rg1+ 64. Kf4 Rh1 65. Kg3 Rg1+ 66. Kh2 Rf1 67. Kg2 Rb1 68.
Re5 Rb4 69. Kg3 Rb3+ 70. f3 Rb1 71. Re6 Rg1+ 72. Kh2 Rf1 73. Kg2 Ra1 74. Rb6 Ra2+ 75. Kg3 Ra1 76. Kf4 Rh1 77. Kg4 Rg1+ 78. Kh3 Rh1+ 79.
Kg3 Rg1+ 80. Kh2 Rf1 81. Kg2 Ra1 82. Rb5 Ra2+ 83. Kh3 Ra1 84. Kg3 Rg1+ 85. Kh2 Rf1 86. Rb3 Rc1 87. Rb2 Rc3 88. Kg2 Rc1 89. Re2 Rd1 90.
Rf2 Rc1 91. Rf1 Rc3 92. Kg3 Rc2 93. Re1 Rb2 94. Re8 Rb1 95. Rh8+ Kg7 96. Ra8 Kh6 97. Ra2 Rg1+ 98. Rg2 Rf1 99. Kf4 Rh1 100. Kg4 Rf1 101. Rg3 Rh1 102. Rh3 Rg1+ 103. Kf4 Re1 104. Rh2 Rg1 105. Ra2 Kh5 106. Ra8 Kh6 107. Rh8+ Kg7 108. Rb8 Kh6 109. Rb2 Kh5 110. Rb5+ Kxh4 111. Rb8 g5+ 112. Kf5 Kg3 113. Rb3 Rf1 114. f4+ Kh4 115. Rb4 Rxf4+ 116. Rxf4+ gxf4 117. Kxf4 1/2-1/2